 Dungeon Crawl Stone Soup version 0.31-a0-1074-g0b22e4e0f1 (webtiles) character file.

Game seed: 11912078302130409983

1200 grandjackal the Trooper (level 8, -2/64 HPs)
             Began as a Demonspawn Gladiator on Nov 30, 2023.
             Slain by a gnoll
             ... wielding a +3 flail
             ... led by a gnoll bouda
              (10 damage)
             ... on level 4 of the Dungeon.
             The game lasted 00:06:03 (4540 turns).

grandjackal the Trooper (Demonspawn Gladiator)      Turns: 4540, Time: 00:06:05

Health: -2/64      AC:  4    Str: 17    XL:     8   Next: 21%
Magic:  8/8        EV: 14    Int: 10    God:
Gold:   185        SH: 10    Dex: 16    Spells: 7/7 levels left

rFire   + . .        q - +6 mace "Juborhum" {flame, rF+ Will+ rCorr Str+2}
rCold   . . .        (no shield)
rNeg    . . .        b - +0 leather armour
rPois   .            c - +0 helmet
rElec   .            (no cloak)
rCorr   +            (no gloves)
SInv    .            (no boots)
Will    +....        (no amulet)
Stlth   +            y - ring of flight
HPRegen 0.30/turn    (no ring)
MPRegen 0.11/turn

%: no passive effects
@: flying
A: hooves 1, large bone plates 2, powered by death 1, condensation shield
a: no special abilities


You were on level 4 of the Dungeon.
You visited 1 branch of the dungeon, and saw 5 of its levels.
You also visited: Sewer.

You collected 185 gold pieces.

Inventory:

Hand Weapons
 a - a +0 long sword
 h - a +0 dagger of flaming
 q - the +6 mace "Juborhum" (weapon) {flame, rF+ Will+ rCorr Str+2}
   (You took it off an orc on level 3 of the Dungeon)

   Str+2:     It affects your strength (+2).
   rF+:       It protects you from fire.
   Will+:     It increases your willpower.
   rCorr:     It protects you from acid and corrosion.
Missiles
 d - 3 throwing nets (quivered)
 e - a javelin
 i - 13 poisoned darts
Armour
 b - a +0 leather armour (worn)
 c - a +0 helmet (worn)
Jewellery
 y - a ring of flight (left hand)
Scrolls
 f - a scroll of brand weapon {unknown}
 j - 4 scrolls of identify {unknown}
 m - 2 scrolls of fog {unknown}
 o - a scroll of vulnerability {unknown}
 p - 2 scrolls of immolation {unknown}
 s - 2 scrolls of revelation {unknown}
 t - a scroll of acquirement {unknown}
 v - a scroll of amnesia {unknown}
 x - a scroll of enchant armour {unknown}
Potions
 g - a potion of resistance
 k - a potion of curing
 l - a potion of cancellation
 n - 3 potions of heal wounds {unknown}
 r - a potion of ambrosia {unknown}
 u - 2 potions of mutation {unknown}
 w - a potion of magic {unknown}
 z - a potion of attraction {unknown}
 A - a potion of lignification {unknown}
 B - a potion of invisibility {unknown}


   Skills:
 + Level 6.0 Fighting
 - Level 4.1 Long Blades
 + Level 3.8 Maces & Flails
 - Level 2.0 Throwing
 + Level 5.7 Dodging


You had 7 spell levels left.
You didn't know any spells.
Your spell library contained the following spells:

 Spells                   Type           Power      Damage    Failure   Level
 Magic Dart               Conj           0%         1d3       43%         1
 Ensorcelled Hibernation  Hex/Ice        0%         N/A       56%         2
 Jinxbite                 Hex            0%         N/A       56%         2
 Searing Ray              Conj           0%         2d4       56%         2
 Ozocubu's Armour         Ice            0%         N/A       80%         3
 Anguish                  Hex/Necr       0%         N/A       99%         4
 Fulminant Prism          Conj/Hex       0%         3d5       99%         4
 Simulacrum               Ice/Necr       0%         N/A       100%        6
 Ozocubu's Refrigeration  Ice            0%         4d7       100%        7
 Polar Vortex             Ice            0%         N/A       100%        9


Dungeon Overview and Level Annotations

Branches:
Dungeon (5/15)              Sewer (visited)
 Temple: D:4-7

Altars:
Dithmenos


Innate Abilities, Weirdness & Mutations

You have large cloven feet.
You are mostly covered in large bone plates. (SH +6)
You regenerate a little health from kills.
A meltable shield of frost defends you. (SH +4)


Message History

The gnoll hits you from afar with a +0 spear!
The gnoll bouda barely misses you.
The gnoll hits you from afar with a +0 spear of freezing!
The gnoll freezes you. The gnoll hits you with a +3 flail!
The gnoll attacks as it pursues you! You block the gnoll's attack.
The gnoll bouda attacks as it pursues you!
The gnoll bouda closely misses you. The gnoll attacks as it pursues you!
The gnoll hits you from afar with a +0 spear of freezing.
* * * LOW HITPOINT WARNING * * *
The gnoll freezes you.
* * * LOW HITPOINT WARNING * * *
The gnoll hits you with a +3 flail!
* * * LOW HITPOINT WARNING * * *
It was a potion of resistance.
You feel protected. You block the gnoll's attack.
The gnoll hits you from afar with a +0 spear of freezing.
* * * LOW HITPOINT WARNING * * *
The gnoll bouda gazes fiercely through you!
You feel as though you will be weak longer.
The gnoll bouda misses you. The gnoll barely misses you.
It was a potion of curing.
You feel better. The gnoll hits you but does no damage.
The gnoll barely misses you. The gnoll closely misses you.
You aren't carrying any items that you can evoke.
Unknown command.
Okay, then.
It was a potion of cancellation.
Your magical effects are unravelling.
You feel magically purged.
Your resistance to elements expires.
Your attacks no longer feel as feeble.
The gnoll is no longer moving quickly.
You block the gnoll's attack.
The gnoll hits you from afar with a +0 spear of freezing.
* * * LOW HITPOINT WARNING * * *
The gnoll freezes you.
* * * LOW HITPOINT WARNING * * *
The gnoll bouda barks out a call to the hunt!
The gnoll picks up the pace!
The gnoll hits you with a +3 flail!
You die...

#.#.###g....######.#
.###.##gg....##....#
.....>.gg....##.########
.###.##g.....##........#
#.#.###.....###..#####.# ##.#
#..........#####.###### ..##
##.#.#####............##### #.
!.## #..#.##..#........ # ..#
#@g......#...###.# #...#
#.g......##### #.# # #...#
#gg.#.#..# #.# #.# #...#
##...#.#..# #.# ..#
#...#####.........# #.# ###
#.......<.##.#.##.#######..
..#####...####.#.#.#.##.##.....##
..............###.......##.....#
.............## ##.#...........#


You could see a gnoll bouda and 3 gnolls.

Vanquished Creatures
  A hornet (D:5)
  A black bear (D:4)
  A phantom (D:5)
  A scorpion (D:5)
  A howler monkey (D:5)
  2 jellies (Sewer)
  2 gnoll boudas (D:5)
  A hound (D:4)
  A sleepcap (D:4)
  2 orc wizards
  2 iguanas (D:5)
  15 gnolls
  12 adders
  4 river rats
  10 worms
  4 dart slugs
  9 orcs
  11 ball pythons
  17 endoplasms
  4 giant cockroaches
  7 goblins
  3 hobgoblins
  12 jackals
  4 quokkas
  8 bats
  9 frilled lizards
  5 kobolds
  10 rats
159 creatures vanquished.

Notes
Turn   | Place    | Note
-------+----------+-------------------------------------------
     0 | D:1      | grandjackal the Demonspawn Gladiator began the quest for
                  | the Orb.
     0 | D:1      | Reached XP level 1. HP: 16/16 MP: 1/1
   161 | D:1      | Gained mutation: You regenerate a little health from kills.
                  | [demonic ancestry]
   161 | D:1      | Reached XP level 2. HP: 16/22 MP: 2/2
   254 | D:1      | Gained mutation: A meltable shield of frost defends you.
                  | (SH +4) [demonic ancestry]
   254 | D:1      | Reached XP level 3. HP: 28/28 MP: 3/3
   628 | D:2      | You fall into a shaft and drop 1 floor!
   638 | D:3      | Found a shadowy altar of Dithmenos.
   873 | D:2      | Gained mutation: You are partially covered in large bone
                  | plates. (SH +4) [demonic ancestry]
   873 | D:2      | Reached XP level 4. HP: 34/34 MP: 4/4
  1052 | D:2      | Reached skill level 3 in Fighting
  1174 | D:2      | Noticed a shining eye
  1176 | D:2      | Found a faded altar of an unknown god.
  1179 | D:2      | Noticed a glass eye
  1179 | D:2      | Noticed a glass eye
  1179 | D:2      | Noticed a shining eye
  2060 | D:3      | Reached XP level 5. HP: 36/41 MP: 5/5
  2133 | D:3      | Identified the +6 mace "Juborhum" {flame, rF+ Will+ rCorr
                  | Str+2}
  2710 | D:4      | Reached skill level 4 in Fighting
  2710 | D:4      | Gained mutation: You have large cloven feet. [demonic
                  | ancestry]
  2710 | D:4      | Reached XP level 6. HP: 44/48 MP: 6/6
  2725 | D:4      | Reached skill level 1 in Maces & Flails
  3165 | D:5      | Entered Level 5 of the Dungeon
  3313 | D:5      | Found a glowing drain.
  3331 | Sewer    | Entered a sewer
  3403 | Sewer    | Gained mutation: You are mostly covered in large bone
                  | plates. (SH +6) [demonic ancestry]
  3403 | Sewer    | Reached XP level 7. HP: 52/55 MP: 7/7
  3492 | Sewer    | Found a viscous altar of Jiyva.
  3692 | D:5      | Noticed a hornet
  3706 | D:5      | Killed a hornet
  3707 | D:5      | Reached skill level 5 in Fighting
  3707 | D:5      | Reached skill level 5 in Dodging
  3928 | D:5      | Reached XP level 8. HP: 24/64 MP: 8/8
  4411 | D:5      | Reached skill level 6 in Fighting
  4538 | D:4      | HP: 3/64 [gnoll/+0 spear of freezing[a gnoll bouda] (2)]
  4540 | D:4      | Slain by a gnoll

Illustrated notes

Levels and vault maps discovered:
D:1:      dpeg_arrival_rooms_with_view, layout_basic
D:2:      layout_basic, hellmonk_ecumenical_altar_watching_god,
          corexii_leaking_fountain
D:3:      layout_basic, grunt_dithmenos_smoke_and_mirrors, serial_bayou_ford_a,
          hangedman_decor_opposing
D:4:      layout_loops_cross, kennysheep_generic_room_5
D:5:      layout_loops_cross, lightli_sewer_entry_pipes

Skill      XL: |  1  2  3  4  5  6  7  8 |
---------------+-------------------------+-----
Throwing       | 2 |  2.0
Long Blades    | 3 4 |  4.1
Dodging        | 3 4 5 |  5.7
Fighting       | 3 4 5 6 |  6.0
Maces & Flails | 1 3 |  3.8

Action                     |  1- 3 |  4- 6 |  7- 9 || total
---------------------------+-------+-------+-------++-------
  Melee: Long sword        |    86 |   172 |       ||   258
         Punch             |     2 |     3 |     3 ||     8
         Mace              |       |    95 |   113 ||   208
         Kick              |       |    11 |    24 ||    35
  Throw: Dart              |     3 |       |     1 ||     4
         Throwing net      |       |       |     3 ||     3
    Use: Potion            |       |       |     3 ||     3
   Stab: Sleeping          |     1 |     1 |     1 ||     3
 Armour: Leather armour    |    46 |   113 |    61 ||   220
  Dodge: Dodged            |    58 |   160 |    86 ||   304
  Block: Other             |     8 |   119 |    62 ||   189

Table legend: (Time is in decaauts)
 A = Elapsed time spent in this place.
 B = Non-inter-level travel time spent in this place.
 C = Inter-level travel time spent in this place.
 D = Time resting spent in this place.
 E = Time spent auto-exploring this place.
 F = Levels seen in this place.
 G = Mean time per level.
                   A        B        C        D        E       F      G
               +--------+--------+--------+--------+--------+-----+--------+
         Total |   4738 |   4622 |    116 |    731 |   2672 |   6 |  789.7 |
       Dungeon |   4399 |   4283 |    116 |    700 |   2544 |   5 |  879.8 |
         Sewer |    338 |    338 |      0 |     31 |    128 |   1 |  338.0 |
               +--------+--------+--------+--------+--------+-----+--------+

Top non-repeatable levels by time:
     D:2: 1137 daAuts
     D:5: 1094 daAuts
     D:3: 843 daAuts
     D:4: 706 daAuts
     D:1: 617 daAuts
   Sewer: 338 daAuts
